 Dungeon Crawl Stone Soup version 0.21-a0-529-g8c7b3f5 (webtiles) character file.

432159 KristoblXynda the Anointer (level 23, -20/169 HPs)
             Began as a Barachi Monk on Dec 9, 2017.
             Was the Champion of Ashenzari.
             Killed from afar by a shadow dragon (30 damage)
             ... with a bolt of negative energy
             ... on level 7 of a ziggurat.
             The game lasted 03:30:39 (66963 turns).

KristoblXynda the Anointer (Barachi Monk)          Turns: 66963, Time: 03:30:40

Health: -20/169    AC: 42    Str: 21    XL:     23   Next: 93%
Magic:  0/42       EV: 11    Int: 18    God:    Ashenzari [******]
Gold:   1047       SH: 12    Dex: 16    Spells: 19/52 levels left

rFire    + + +     SeeInvis +   D - +8 broad axe (freeze) (curse)
rCold    . . .     Gourm    .   I - +0 shield (curse)
rNeg     . . .     Faith    .   U - +8 chain mail of the Sneaky Beds {rElec rPois MR++} (curse)
rPois    +         Spirit   +   x - +2 helmet {SInv} (curse)
rElec    +         Reflect  .   S - +1 cloak {+Inv} (curse)
rCorr    .         Harm     .   w - +2 pair of gloves {Str+3} (curse)
MR       ++++.     Clarity  +   J - +1 pair of boots {run} (curse)
Stlth    ..........             u - amulet of guardian spirit (curse)
HPRegen  0.38/turn              i - +4 ring of protection (curse)
MPRegen  0.28/turn              r - ring of protection from fire (curse)

@: can't hop, very heavily drained
A: +LOS, swims, icy blue scales 1, yellow scales 1, agile 1, fire resistance 2,
magic resistance 1, shaggy fur 1, slowness 1, strong 1, strong legs 2
}: 2/15 runes: decaying, serpentine
a: Hop, Curse Item, Scrying, Transfer Knowledge, Renounce Religion, Evoke
Invisibility


You were on level 7 of a ziggurat.
You worshipped Ashenzari.
Ashenzari was exalted by your worship.
You were full.

You visited 10 branches of the dungeon, and saw 42 of its levels.
You visited 2 bazaars.
You visited 1 ziggurat, and saw 7 of its levels.
You also visited: Labyrinth, Sewer and Ice Cave.

You collected 4355 gold pieces.
You spent 3308 gold pieces at shops.

Inventory:

Hand Weapons
 D - a cursed +8 broad axe of freezing (weapon)
 T - a +0 broad axe of flaming
Armour
 w - a cursed +2 pair of gloves of strength (worn)
 x - a cursed +2 helmet of see invisible (worn)
 y - the +4 steam dragon scales "Onwetuwn" {rElec Dex+2}
   (You bought it in a shop on level 4 of the Dungeon)

   It affects your dexterity (+2).
   It insulates you from electricity.
 I - a cursed +0 shield (worn)
 J - a cursed +1 pair of boots of running (worn)
 K - a +1 pair of boots of flying
 S - a cursed +1 cloak of invisibility (worn)
 U - the cursed +8 chain mail of the Sneaky Beds (worn) {rElec rPois MR++}
   (You found it on level 6 of a ziggurat)

   It insulates you from electricity.
   It protects you from poison.
   It affects your resistance to hostile enchantments.
   It has a curse placed upon it.
Jewellery
 i - a cursed +4 ring of protection (left hand)
 r - a cursed ring of protection from fire (right hand)
 u - a cursed amulet of guardian spirit (around neck)
 H - a +2 amulet of reflection
Wands
 d - a wand of disintegration (14)
 j - a wand of iceblast (44)
 B - a wand of digging (42)
 C - a wand of acid (17)
 E - a wand of scattershot (1)
 F - a wand of paralysis (12)
Scrolls
 a - 4 scrolls of fog
 b - 8 scrolls of fear
 e - 4 scrolls of silence
 g - 6 scrolls of amnesia
 h - 8 scrolls of remove curse
 l - a scroll of immolation
 s - 3 scrolls of blinking
 t - 34 scrolls of identify
 O - 9 scrolls of magic mapping
 Q - 3 scrolls of teleportation
Potions
 f - 4 potions of curing
 n - 7 potions of agility
 q - a potion of invisibility
 v - 3 potions of haste
 z - 4 potions of mutation
 A - a potion of ambrosia
 G - 6 potions of brilliance
 L - a potion of cancellation
 N - a potion of resistance
Books
 P - a book of Flames

   Spells                             Type                      Level
   a - Flame Tongue                   Conjuration/Fire             1
   b - Throw Flame                    Conjuration/Fire             2
   c - Conjure Flame                  Conjuration/Fire             3
   d - Inner Flame                    Hexes/Fire                   3
   e - Sticky Flame                   Conjuration/Fire             4
   f - Fireball                       Conjuration/Fire             5
Miscellaneous
 m - a lightning rod (1/4)
 p - a box of beasts
 M - a phantom mirror
 R - a lamp of fire (inert)
Comestibles
 c - 19 bread rations
 o - a meat ration


   Skills:
 - Level 11.0(5.7) Fighting
 - Level 15.0(12.6) Axes
 - Level 14.3(13.2) Armour
 - Level 11.9(6.5) Dodging
 - Level 5.8(1.1) Stealth
 - Level 11.5(8.5) Shields
 + Level 15.4(9.6) Spellcasting
 + Level 15.2(12.8) Conjurations
 - Level 16.1(13.5) Charms
 - Level 4.2(3.5) Necromancy
 - Level 6.4(5.7) Transmutations
 - Level 9.6(8.3) Air Magic
 + Level 13.4(11.4) Earth Magic
   Level 4.0(3.3) Poison Magic
 + Level 11.2(9.5) Evocations


You had 19 spell levels left.
You knew the following spells:

 Your Spells              Type           Power        Failure   Level  Hunger
a - Regeneration          Chrm/Necr      #####.....   10%         3    None
b - Shatter               Erth           #####.....   100%        9    #######
c - Iron Shot             Conj/Erth      ######....   71%         6    ######.
e - Deflect Missiles      Chrm/Air       #####.....   87%         6    ######.
f - Lee's Rapid Deconstr  Erth           #####.....   26%         5    #####..
g - Petrify               Tmut/Erth      #####...     30%         4    ###....


Dungeon Overview and Level Annotations

Branches:
Dungeon (15/15)            Temple (1/1) D:6            Lair (6/6) D:9
  Swamp (4/4) Lair:2        Snake (4/4) Lair:4        Slime (0/5) Lair:5
    Orc (2/2) D:11            Elf (2/3) Orc:2        Vaults (4/5) D:13
 Depths (3/5) D:15           Hell (1/1)
  Crypt: Vaults:2-3     Dis: Hell:1         Geh: Hell:1         Coc: Hell:1
    Tar: Hell:1

Altars:
Ashenzari
Cheibriados
Dithmenos
Elyvilon
Fedhas
Gozag
Hepliaklqana
Kikubaaqudgha
Makhleb
Nemelex Xobeh
Okawaru
Qazlal
Ru
Sif Muna
Trog
Uskayaw
Vehumet
Wu Jian
Xom
Yredelemnul
Zin
The Shining One
Beogh

Shops:
D:4 ([*   D:6 ?   D:7 *   D:11 !   D:14 ?   Orc:1 ?   Orc:2 [[((   Vaults:1 ?=
Depths:1 [:?

Portals:
Hell: Depths:1 Depths:2 Depths:3

Annotations:
D:5 Prince Ribbit
D:8 Gastronok
Lair:5 exclusion: 2 oklob plants
Lair:6 Rupert
Vaults:3 Boris, Sojobo
Hell Geryon


Innate Abilities, Weirdness & Mutations

Shadows flee at your approach. (+LOS)
You can swim through water.
You cover ground slowly.
You can hop long distances.
You are partially covered in icy blue scales. (AC +2)
You are partially covered in yellow scales. (AC +2)
You are agile. (Dex +2)
Your flesh is very heat resistant. (rF++)
You are resistant to hostile enchantments. (MR+)
You are covered in fur. (AC +1)
Your muscles are strong. (Str +2)


Message History

Unknown command.
Evoke which item? (* to show all) (? for menu, Esc to quit)
Aiming: Scattershot
Press: ? - help, Shift-Dir - straight line, f - shadow dragon
Aim: a shadow dragon (moderately wounded)
The burst of metal fragments hits the shadow dragon. x7
The shadow dragon is moderately wounded.
The shadow dragon is severely wounded.
The shadow dragon breathes negative energy at you.
The bolt of negative energy hits you!
You feel drained.
* * * LOW HITPOINT WARNING * * *
The shadow dragon breathes negative energy at you.
The bolt of negative energy hits you!
You feel drained.
* * * LOW HITPOINT WARNING * * *
Okay, then.
As you read the scroll of fog, it crumbles to dust.
The scroll dissolves into smoke.
The shadow dragon breathes negative energy at you.
The bolt of negative energy hits you!
You feel drained.
You die...

▓▓▓▓▓▓▓▓▓
▓.......▓
▓▓▓▓▓.......▓▓▓▓▓
▓.§§§...........▓
▓.§@§.D[[.....[)▓
▓.§§§..D.....}=∩▓
▓∩....D......!)>▓
▓.............!∩▓
▓.............($▓
▓...............▓
▓▓▓▓▓.......▓▓▓▓▓
▓.......▓
▓▓▓▓▓▓▓▓▓


You could see 2 shadow dragons and a storm dragon.

Vanquished Creatures
  A juggernaut (Zig:6)
  Vashnia (Snake:4)
  Saint Roka (Vaults:3)
  the Lernaean hydra (Swamp:4)
  2 Killer Klowns (Zig:5)
  Nikola (Elf:1)
  A golden dragon (Zig:7)
  Jorgrun (Vaults:3)
  A lich (Depths:1)
  Frances (D:14)
  A sphinx (Vaults:3)
  Kirke (D:14)
  2 thorn hunters
  2 pandemonium lords
  2 tengu reavers (Vaults:3)
  Roxanne (Snake:4)
  8 nagarajas
  2 deep elf sorcerers
  3 fire giants
  3 frost giants
  Aizul (Swamp:1)
  2 orc warlords
  13 vault wardens
  An iron dragon (Depths:1)
  Louise (Elf:1)
  8 stone giants
  10 ironheart preservers
  A vampire knight (Depths:1)
  11 very ugly things
  An entropy weaver (Vaults:4)
  2 deep elf demonologists (Elf:1)
  Azrael (Orc:2)
  A dire elephant (D:15)
  3 spark wasps (Depths:2)
  A deep elf annihilator (Elf:2)
  Josephine (D:12)
  5 fire dragons
  2 ettins
  A minotaur (Lab)
  2 jiangshi (Depths:1)
  A great orb of eyes (Depths:2)
  4 yaktaur captains
  15 hydras
  5 rakshasas
  9 vault guards
  9 ice dragons
  A ghost crab (Swamp:2)
  Harold (D:11)
  16 naga warriors
  5 alligators
  2 spriggan air magi
  A catoblepas (shapeshifter) (Zig:5)
  A death knight (Vaults:2)
  6 centaur warriors
  8 anacondas
  12 dancing weapons (Elf:1)
  14 two-headed ogres
  4 ogre magi
  3 death yaks
  3 tengu warriors
  13 deep troll earth magi
  6 shock serpents
  A spriggan berserker (Depths:2)
  8 deep troll shamans
  2 orc high priests
  A vampire mage (Depths:1)
  23 naga sharpshooters
  13 spriggans
  Nergalle (D:12)
  14 deep elf knights
  10 skeletal warriors
  3 salamander mystics
  A soul eater (Vaults:3)
  An iron troll (Depths:1)
  A shadow wraith (Vaults:1)
  A glowing orange brain (Depths:1)
  An unseen horror (D:12)
  23 deep trolls
  A death drake (Zig:7)
  3 wizards
  5 naga ritualists
  A spriggan druid (Zig:3)
  15 ironbrand convokers
  A shambling mangrove (Swamp:1)
  4 necromancers
  27 deep elf archers
  A lindwurm (Lair:6)
  10 swamp dragons
  A phantasmal warrior (Vaults:3)
  12 orc knights
  38 ugly things
  A wolf spider (shapeshifter) (Elf:1)
  2 orc sorcerers
  9 mana vipers
  17 salamanders
  7 wolf spiders
  8 cyclopes
  3 manticores
  A shining eye (shapeshifter) (Vaults:4)
  51 deep elf magi
  A moth of wrath (Zig:6)
  4 elephants
  3 centaur zombies
  An apocalypse crab (Zig:5)
  5 vault sentinels
  Joseph (D:9)
  40 black mambas
  8 guardian serpents
  Maurice (D:12)
  5 ice statues
  19 naga magi
  2 kobold demonologists
  A rime drake (shapeshifter) (D:13)
  7 freezing wraiths
  6 rime drakes
  2 komodo dragons (shapeshifter)
  12 komodo dragons
  12 spiny frogs
  61 yaktaurs
  3 efreet (Depths:2)
  10 ice devils
  A hellwing (Zig:1)
  A merfolk (shapeshifter) (Vaults:2)
  A merfolk (D:13)
  9 trolls
  2 tengu conjurers
  3 tyrant leeches
  11 hornets
  3 polar bears (Lair:6)
  3 meliai (D:14)
  11 blink frogs
  A wind drake (Zig:7)
  27 slime creatures
  13 hippogriffs
  23 dream sheep
  Sigmund (D:6)
  5 air elementals
  13 bog bodies
  3 shadows
  A tarantella (shapeshifter) (Vaults:2)
  A vampire (D:15)
  2 centaur simulacra
  8 wraiths
  A tarantella (Vaults:4)
  2 redbacks (Vaults:4)
  2 water elementals (Elf:1)
  3 wyverns
  3 hogs (D:14)
  38 yaks
  3 fire elementals
  2 hungry ghosts
  A golden eye (shapeshifter) (Vaults:1)
  A steam dragon (Zig:7)
  5 basilisks
  3 chaos spawn (Zig:5)
  A human (D:13)
  The ghost of TheDeThijs the Poker, an amateur MfGl of Okawaru (D:3)
  2 humans (shapeshifter)
  Menkaure (D:5)
  26 vampire mosquitoes
  13 wargs
  15 swamp worms
  58 nagas
  18 insubstantial wisps
  3 acid dragons
  17 water moccasins
  3 hell hounds
  7 porcupines
  13 swamp drakes
  A sky beast (D:8)
  56 orc warriors
  4 ice beasts
  3 ettin simulacra (Depths:2)
  5 black bears
  2 phantoms
  A necrophage (D:10)
  2 eyes of draining (shapeshifter)
  A tengu (shapeshifter) (Depths:2)
  20 ogres
  8 boggarts
  36 wolves
  6 centaurs
  9 crocodiles
  7 big kobolds
  Blork the orc (D:6)
  18 bullfrogs
  3 gnoll sergeants (D:11)
  A water moccasin zombie (D:6)
  5 earth elementals
  A wyvern skeleton (D:11)
  4 scorpions
  9 killer bees
  8 howler monkeys
  10 electric eels
  10 wights
  9 crimson imps
  3 quasits
  5 bullfrog zombies
  2 draconian simulacra (IceCv)
  4 hounds
  3 jellies
  4 bullfrog skeletons
  22 orc priests
  8 centaur skeletons
  4 iguanas (Lair:3)
  25 orc wizards
  Ijyb (D:3)
  Terence (D:2)
  10 worker ants
  Natasha (twice) (D:2)
  2 troll simulacra (IceCv)
  A spriggan simulacrum (IceCv)
  A hound zombie (D:10)
  A howler monkey skeleton (D:2)
  Robin (D:2)
  8 gnolls
  14 adders
  A naga simulacrum (IceCv)
  3 ogre simulacra (IceCv)
  2 river rats (Sewer)
  3 shadow imps
  A white imp (Depths:1)
  An adder skeleton (D:9)
  3 worms
  A dart slug (D:1)
  4 leopard geckos
  109 orcs
  A ball python (D:1)
  5 bats
  7 giant cockroaches
  11 goblins
  10 hobgoblins
  15 jackals
  30 kobolds
  3 quokkas
  2 frilled lizards
  A quokka skeleton (D:4)
  A quokka zombie (D:6)
  6 rats
  6 fungi
  3 plants
1745 creatures vanquished.

Vanquished Creatures (others)
  2 deep elf knights
  A skeletal warrior (Vaults:2)
  An unseen horror (Vaults:1)
  A deep elf mage (Elf:1)
  A naga mage (Snake:4)
  A black mamba (Snake:4)
  A yaktaur (Vaults:2)
  A centaur (D:13)
  An ogre (Vaults:1)
  A kobold (D:13)
  16 fungi
  12 plants
39 creatures vanquished.

Grand Total: 1784 creatures vanquished

Notes
Turn   | Place    | Note
-------+----------+-------------------------------------------
     0 | D:1      | KristoblXynda the Barachi Monk began the quest for the Orb.
     0 | D:1      | Reached XP level 1. HP: 18/18 MP: 1/1
   143 | D:1      | You fall through a shaft!
   232 | D:1      | Reached skill level 1 in Armour
   232 | D:1      | Reached XP level 2. HP: 24/24 MP: 2/2
   690 | D:2      | Reached XP level 3. HP: 29/29 MP: 3/3
  1082 | D:2      | Reached XP level 4. HP: 36/36 MP: 4/4
  1083 | D:2      | Noticed Terence
  1097 | D:2      | Noticed Robin
  1113 | D:2      | Killed Terence
  1116 | D:2      | Killed Robin
  1343 | D:2      | Noticed Natasha
  1352 | D:2      | Killed Natasha
  1352 | D:2      | Reached XP level 5. HP: 25/41 MP: 5/5
  1355 | D:2      | Noticed Natasha
  1362 | D:2      | Killed Natasha
  1605 | D:3      | Noticed TheDeThijs's ghost (amateur MfGl)
  1879 | D:3      | Found an ancient bone altar of Kikubaaqudgha.
  1928 | D:3      | Noticed Ijyb
  1948 | D:3      | Killed Ijyb
  2073 | D:3      | Killed TheDeThijs's ghost
  2073 | D:3      | Reached skill level 5 in Axes
  2073 | D:3      | Reached skill level 5 in Dodging
  2073 | D:3      | Reached XP level 6. HP: 25/47 MP: 6/6
  2168 | D:4      | Noticed a phantom
  2352 | D:4      | Killed a phantom
  2352 | D:4      | Reached skill level 1 in Evocations
  2426 | D:4      | Reached XP level 7. HP: 32/52 MP: 7/7
  2435 | D:4      | Found Oleulolu's Antique Armour Emporium.
  2436 | D:4      | Found Panajug's Assorted Antiques.
  2470 | D:4      | Found an iron altar of Okawaru.
  2678 | D:4      | Found Qowi's Weapon Boutique.
  2683 | D:4      | Found a bloodstained altar of Trog.
  2738 | D:4      | Reached skill level 5 in Armour
  3027 | D:5      | Entered Level 5 of the Dungeon
  3643 | D:5      | Reached XP level 8. HP: 51/59 MP: 10/10
  3683 | D:5      | Noticed Menkaure
  3692 | D:5      | Killed Menkaure
  4097 | D:5      | Noticed Prince Ribbit
  4575 | D:6      | Found an ornate altar of the Wu Jian Council.
  4754 | D:6      | Reached skill level 5 in Evocations
  4977 | D:6      | Reached XP level 9. HP: 52/64 MP: 11/13
  5058 | D:6      | Found a glowing drain.
  5078 | Sewer    | Entered a sewer
  5274 | Sewer    | Found a white marble altar of Elyvilon.
  5326 | D:6      | Noticed Sigmund
  5337 | D:6      | Killed Sigmund
  5353 | D:6      | Found a radiant altar of Vehumet.
  5560 | D:6      | Found a staircase to the Ecumenical Temple.
  5585 | D:6      | Found Xolieff's Magic Scroll Boutique.
  5626 | D:6      | Noticed Blork the orc
  5640 | D:6      | Killed Blork the orc
  6060 | D:7      | Found Gopeodd's General Store.
  6082 | D:7      | Bought a +0 buckler for 72 gold pieces
  6439 | D:7      | Found a stormy altar of Qazlal.
  6726 | D:8      | Reached skill level 1 in Shields
  6762 | D:8      | Gained mutation: Scrolls take you a little longer to read. [mutagenic meat]
  6764 | D:8      | Lost mutation: Scrolls take you a little longer to read. [potion of mutation]
  6764 | D:8      | Gained mutation: Armour fits poorly on your strangely shaped body. [potion of mutation]
  6764 | D:8      | Gained mutation: You are frail. (-10% HP) [potion of mutation]
  6764 | D:8      | Lost mutation: You are frail. (-10% HP) [potion of mutation]
  7191 | D:8      | Noticed Gastronok
  7518 | D:9      | Found a staircase to the Lair.
  7550 | D:9      | Reached XP level 10. HP: 17/70 MP: 15/15
  8072 | D:9      | Noticed Joseph
  8219 | D:9      | Killed Joseph
  8757 | D:9      | Noticed a deep elf archer
  8782 | D:9      | Killed a deep elf archer
  8920 | D:10     | Entered Level 10 of the Dungeon
  9065 | Temple   | Entered the Ecumenical Temple
  9342 | Temple   | Became a worshipper of Ashenzari the Shackled
  9342 | Temple   | Reached * piety under Ashenzari
  9342 | Temple   | Reached ** piety under Ashenzari
  9413 | D:6      | Bought a scroll of remove curse for 33 gold pieces
  9487 | D:4      | Bought a runed helmet for 150 gold pieces
 10114 | D:10     | Reached skill level 10 in Armour
 10761 | D:10     | Noticed an unseen horror
 10871 | D:10     | Reached skill level 10 in Axes
 10889 | D:10     | Reached skill level 5 in Fighting
 11422 | D:11     | Reached XP level 11. HP: 76/80 MP: 17/17
 11441 | D:11     | Found Iwopseq's Distillery.
 11454 | D:11     | Bought a potion of mutation for 112 gold pieces
 11454 | D:11     | Lost mutation: Armour fits poorly on your strangely shaped body. [potion of mutation]
 11454 | D:11     | Gained mutation: You are partially covered in yellow scales. (AC +2) [potion of mutation]
 11454 | D:11     | Gained mutation: Your body sometimes deteriorates upon taking damage. [potion of mutation]
 11454 | D:11     | Gained mutation: You are covered in fur. (AC +1) [potion of mutation]
 11523 | D:11     | Reached *** piety under Ashenzari
 11659 | D:11     | Noticed Harold
 12032 | D:11     | Found a staircase to the Orcish Mines.
 12256 | D:11     | Killed Harold
 12973 | D:12     | Noticed a cyclops
 13151 | D:12     | Noticed Maurice
 13174 | D:12     | Killed Maurice
 13291 | D:12     | Noticed a cyclops
 13294 | D:12     | Noticed an unseen horror
 13315 | D:12     | Killed a cyclops
 13322 | D:12     | Killed an unseen horror
 13322 | D:12     | Reached XP level 12. HP: 41/92 MP: 18/18
 13581 | D:12     | Reached **** piety under Ashenzari
 13795 | D:12     | Learned a level 2 spell: Poisonous Vapours
 13943 | D:12     | Noticed Nergalle
 13975 | D:12     | Killed Nergalle
 14200 | D:12     | Reached skill level 1 in Air Magic
 14200 | D:12     | Reached skill level 1 in Poison Magic
 14559 | D:12     | Noticed Josephine
 15581 | D:13     | Learned a level 3 spell: Mephitic Cloud
 15627 | D:13     | Noticed a two-headed ogre
 15767 | D:13     | Killed a two-headed ogre
 15771 | D:13     | Noticed an ogre mage
 15771 | D:13     | Noticed a deep elf knight
 15908 | D:13     | Gained mutation: You can hop long distances. [Barachi growth]
 15908 | D:13     | Reached XP level 13. HP: 76/103 MP: 19/19
 15919 | D:13     | Reached skill level 1 in Conjurations
 16229 | D:13     | Gained mutation: You have supernaturally acute eyesight. (SInv) [mutagenic meat]
 16230 | D:13     | Gained mutation: You are frail. (-10% HP) [mutagenic meat]
 16231 | D:13     | Gained mutation: You are resistant to hostile enchantments. (MR+) [mutagenic meat]
 16232 | D:13     | Gained mutation: You are partially covered in icy blue scales. (AC +2) [mutagenic meat]
 16290 | D:13     | Reached skill level 10 in Fighting
 16421 | D:13     | Reached skill level 10 in Dodging
 16421 | D:13     | Reached skill level 1 in Spellcasting
 16722 | D:13     | Reached skill level 5 in Air Magic
 16838 | D:13     | Found a gate to the Vaults.
 17053 | D:14     | Noticed Kirke
 17299 | D:14     | Found a shimmering altar of Xom.
 17413 | D:14     | Killed Kirke
 17618 | D:14     | Found Uwiorutu's Magic Scroll Boutique.
 18014 | D:14     | Gained mutation: Your muscles are strong. (Str +2) [mutagenic meat]
 18015 | D:14     | Lost mutation: You are frail. (-10% HP) [mutagenic meat]
 18017 | D:14     | Lost mutation: You have supernaturally acute eyesight. (SInv) [mutagenic meat]
 18187 | D:14     | Noticed Frances
 18192 | D:15     | Entered Level 15 of the Dungeon
 18210 | D:15     | Reached ***** piety under Ashenzari
 18415 | D:15     | Reached skill level 5 in Conjurations
 18705 | D:15     | Noticed a rakshasa
 18818 | D:15     | Gained mutation: You are agile. (Dex +2) [mutagenic meat]
 18819 | D:15     | Gained mutation: Your flesh is heat resistant. (rF+) [mutagenic meat]
 18938 | D:15     | Reached XP level 14. HP: 41/110 MP: 19/21
 18950 | D:15     | Reached skill level 5 in Spellcasting
 18980 | D:15     | Lost mutation: Your body sometimes deteriorates upon taking damage. [mutagenic meat]
 18981 | D:15     | Gained mutation: Your flesh is very heat resistant. (rF++) [mutagenic meat]
 19625 | D:15     | Noticed a dire elephant
 19648 | D:15     | Killed a dire elephant
 20178 | D:14     | Found a blossoming altar of Fedhas.
 20294 | D:14     | Reached skill level 5 in Shields
 21023 | D:12     | Killed Josephine
 21387 | Lair:1   | Entered Level 1 of the Lair of Beasts
 22274 | Lair:1   | Learned a level 6 spell: Iron Shot
 22364 | Lair:2   | Found a frozen archway.
 22404 | IceCv    | Entered an ice cave
 23547 | IceCv    | Reached skill level 1 in Earth Magic
 25984 | IceCv    | Identified the +0 chain mail of Zin's Whim {rF- Str+5 Dex+7}
 26044 | IceCv    | Got the flail of Cocytus {freeze, +Inv rElec Stlth+}
 26053 | IceCv    | Identified the +7 flail of Cocytus {freeze, +Inv rElec Stlth+} (You took it off a necromancer in an ice cave)
 26270 | Lair:2   | Learned a level 3 spell: Regeneration
 26277 | Lair:2   | Learned a level 6 spell: Deflect Missiles
 26496 | Lair:2   | Found a staircase to the Swamp.
 26944 | Lair:3   | Reached skill level 1 in Charms
 27170 | Lair:3   | Reached XP level 15. HP: 106/115 MP: 25/25
 27243 | Lair:3   | Reached skill level 2 in Charms
 27836 | Lair:4   | Found a staircase to the Snake Pit.
 27872 | Lair:4   | Found a labyrinth entrance.
 27882 | Lab      | Entered a labyrinth
 28128 | Lab      | Identified the +0 crystal plate armour "Ylerghal" {Str+3 Dex+4} (You took it off a minotaur in a labyrinth)
 28149 | Lab      | Identified the Grimoire of Darkness
 28300 | Lair:4   | Reached skill level 3 in Charms
 28353 | Lair:4   | Reached ****** piety under Ashenzari
 28906 | Lair:5   | Found a staircase to the Slime Pits.
 29091 | Lair:5   | Reached skill level 4 in Charms
 29776 | Orc:1    | Entered Level 1 of the Orcish Mines
 29866 | Orc:1    | Noticed an orc warlord
 29905 | Orc:1    | Killed an orc warlord
 29905 | Orc:1    | Reached skill level 5 in Earth Magic
 30261 | Orc:2    | Entered Level 2 of the Orcish Mines
 30449 | Orc:1    | Reached skill level 5 in Charms
 30520 | Orc:2    | Found a roughly hewn altar of Beogh.
 30676 | Orc:2    | Noticed Azrael
 30701 | Orc:2    | Found a staircase to the Elven Halls.
 30803 | Orc:2    | Killed Azrael
 30817 | Orc:2    | Found a roughly hewn altar of Beogh.
 30824 | Orc:2    | Found Yzew's Weapon Emporium.
 30938 | Orc:2    | Found a roughly hewn altar of Beogh.
 30964 | Orc:2    | Found a roughly hewn altar of Beogh.
 31135 | Orc:2    | Found a roughly hewn altar of Beogh.
 31202 | Orc:2    | Found a roughly hewn altar of Beogh.
 31206 | Orc:2    | Found Kainkeit's Antique Armour Emporium.
 31231 | Orc:2    | Bought a pair of runed gloves for 285 gold pieces
 31417 | Orc:1    | Found Saiprott's Magic Scroll Shoppe.
 31425 | Orc:1    | Bought a scroll of enchant armour for 112 gold pieces
 31425 | Orc:1    | Bought a scroll of remove curse for 45 gold pieces
 31425 | Orc:1    | Bought a scroll of immolation for 52 gold pieces
 31664 | Lair:6   | Entered Level 6 of the Lair of Beasts
 31666 | Lair:6   | Noticed Rupert
 31754 | Lair:6   | Reached skill level 6 in Charms
 31963 | Lair:6   | Reached XP level 16. HP: 113/122 MP: 26/26
 32002 | Lair:6   | Reached skill level 15 in Axes
 32386 | Lair:6   | Reached skill level 7 in Charms
 33301 | Swamp:1  | Entered Level 1 of the Swamp
 33495 | Swamp:1  | Reached skill level 10 in Shields
 33939 | Orc:2    | Found a roughly hewn altar of Beogh.
 33939 | Orc:2    | Found Vext's Antique Armour Boutique.
 33943 | Orc:2    | Found Bashroupt's Antique Weapon Shop.
 33948 | Orc:2    | Bought a transparent chain mail for 247 gold pieces
 33948 | Orc:2    | Identified the +1 chain mail "Pirecs" {Int+3 Dex+2} (You bought it in a shop on level 2 of the Orcish Mines)
 34258 | D:4      | Bought a potion of heal wounds for 95 gold pieces
 34262 | D:4      | Bought ichor-stained steam dragon scales for 900 gold pieces
 34262 | D:4      | Identified the +4 steam dragon scales "Onwetuwn" {rElec Dex+2} (You bought it in a shop on level 4 of the Dungeon)
 34436 | Snake:1  | Entered Level 1 of the Snake Pit
 35156 | Snake:1  | Reached skill level 8 in Charms
 35500 | Snake:1  | Found a glowing silver altar of Zin.
 35888 | Snake:1  | Reached skill level 5 in Stealth
 37219 | Snake:2  | Reached skill level 9 in Charms
 37359 | Snake:2  | Reached XP level 17. HP: 98/128 MP: 21/27
 37561 | Snake:2  | Identified the +2 robe "Viotwomp" {rElec rCorr Int+4 Dex-2 SInv}
 39140 | Snake:3  | Reached skill level 10 in Charms
 40120 | Snake:4  | Entered Level 4 of the Snake Pit
 40151 | Snake:4  | Found a flickering gateway to a bazaar.
 40155 | Bazaar   | Entered a bazaar
 40156 | Bazaar   | Found Ympoas's Weapon Shoppe.
 40164 | Bazaar   | Found Imuywk's Assorted Antiques.
 40173 | Bazaar   | Bought a glowing cloak for 210 gold pieces
 40209 | Bazaar   | Found Hiclaopn's Weapon Emporium.
 40217 | Bazaar   | Found Alubeyd's Jewellery Boutique.
 40226 | Bazaar   | Bought a ring of the Octopus King {MP+9 AC+1 EV+1 Str+1 Int+1 Dex+1} for 333 gold pieces
 40226 | Bazaar   | Found the ring of the Octopus King {MP+9 AC+1 EV+1 Str+1 Int+1 Dex+1}
 40330 | Snake:4  | Noticed Roxanne
 40471 | Snake:4  | Reached skill level 10 in Earth Magic
 41168 | Snake:4  | Killed Roxanne
 41169 | Snake:4  | Identified Roxanne's Tome of the Mountains (You took it off Roxanne on level 4 of the Snake Pit)
 42377 | Snake:3  | HP: 6/128 [poisoned by a naga sharpshooter (splash of poison)]
 42727 | Snake:4  | Reached skill level 11 in Charms
 42727 | Snake:4  | Reached XP level 18. HP: 71/134 MP: 21/31
 43054 | Snake:4  | Noticed Vashnia
 43067 | Snake:4  | Killed Vashnia
 44605 | Snake:4  | Got a serpentine rune of Zot
 45033 | Vaults:1 | Entered Level 1 of the Vaults
 45078 | Vaults:1 | Reached skill level 10 in Spellcasting
 45484 | Vaults:1 | Found Lozahiza's Jewellery Shop.
 45537 | Vaults:1 | Reached skill level 12 in Charms
 45951 | D:15     | Found a staircase to the Depths.
 45993 | Depths:1 | Entered Level 1 of the Depths
 46221 | Elf:1    | Entered Level 1 of the Elven Halls
 46263 | Elf:1    | Identified the +3 ring mail "Jiun" {+Inv rC- rN+}
 46770 | Elf:1    | Identified the ring "Pena Sat" {Ice SInv} (You took it off a deep elf archer on level 1 of the Elven Halls)
 46802 | Elf:1    | Reached XP level 19. HP: 107/140 MP: 25/33
 46836 | Elf:1    | Identified the +2 chain mail of the Unbroken {Str+4}
 48399 | Elf:1    | Reached skill level 13 in Charms
 48521 | Elf:1    | Noticed Nikola
 48535 | Elf:1    | Killed Nikola
 48619 | Elf:1    | Noticed Louise
 48637 | Elf:1    | Killed Louise
 48958 | Elf:2    | Reached skill level 10 in Conjurations
 48963 | Elf:2    | Noticed a Hell Sentinel
 48971 | Elf:2    | Noticed a Hell Sentinel
 49166 | Lair:1   | Learned a level 5 spell: Lee's Rapid Deconstruction
 49184 | Lair:1   | Learned a level 4 spell: Petrify
 49470 | Lair:1   | Learned a level 3 spell: Regeneration
 49732 | Swamp:1  | Noticed Aizul
 49746 | Swamp:1  | Killed Aizul
 51375 | Swamp:4  | Entered Level 4 of the Swamp
 52216 | Swamp:4  | Reached XP level 20. HP: 91/147 MP: 5/36
 53580 | Swamp:4  | Noticed the 27-headed Lernaean hydra
 53589 | Swamp:4  | Killed the 27-headed Lernaean hydra
 53694 | Swamp:4  | Got a decaying rune of Zot
 53705 | Swamp:4  | Reached skill level 14 in Charms
 55736 | Vaults:1 | Found Pemohup's Magic Scroll Shoppe.
 55745 | Vaults:1 | Bought a scroll of enchant weapon for 112 gold pieces
 56101 | Vaults:2 | Found a gateway to a bazaar.
 56107 | Bazaar   | Entered a bazaar
 56107 | Bazaar   | Found Yfyaffen's Distillery.
 56112 | Bazaar   | Found Ajaodinif's Book Shoppe.
 56126 | Bazaar   | Found Sawk's Weapon Shoppe.
 56175 | Bazaar   | Found Natygema's Antique Weapon Shop.
 56198 | Bazaar   | Bought a potion of experience for 550 gold pieces
 56198 | Bazaar   | Reached XP level 21. HP: 143/153 MP: 38/38
 56879 | Vaults:2 | Reached skill level 15 in Charms
 57219 | Vaults:3 | Noticed Sojobo
 57239 | Vaults:3 | Reached XP level 22. HP: 52/159 MP: 7/39
 57292 | Vaults:4 | Reached skill level 10 in Evocations
 58675 | Vaults:3 | Noticed Jorgrun
 58693 | Vaults:3 | Killed Jorgrun
 59052 | Vaults:3 | Noticed Saint Roka
 59090 | Vaults:3 | Killed Saint Roka
 59470 | Vaults:3 | Noticed Boris
 60611 | Depths:1 | Reached skill level 16 in Charms
 61015 | Depths:1 | Found Ippab's Magic Scroll Emporium.
 61020 | Depths:1 | Found Kuchima's Book Shoppe.
 61021 | Depths:1 | Found Aquwahuv's Armour Emporium.
 61149 | Depths:1 | Found a gateway to Hell.
 61542 | Depths:1 | Found a shattered altar of Ashenzari.
 61740 | Lair:1   | Learned a level 9 spell: Shatter
 61839 | D:14     | Killed Frances
 62434 | Depths:1 | Reached skill level 1 in Transmutations
 62732 | Depths:1 | Reached XP level 23. HP: 97/169 MP: 18/41
 63005 | Hell     | Entered the Vestibule of Hell
 63005 | Hell     | Noticed Geryon
 64292 | Depths:2 | Reached skill level 5 in Transmutations
 64303 | Depths:2 | Reached skill level 15 in Spellcasting
 64751 | Depths:2 | Found a gateway to a ziggurat.
 65334 | Zig:1    | Entered Level 1 of a ziggurat
 65337 | Zig:1    | Noticed Boun the pandemonium lord
 65384 | Zig:1    | Killed Boun the pandemonium lord
 65928 | Zig:2    | Entered Level 2 of a ziggurat
 65928 | Zig:2    | Noticed Kyjafo Sicid the pandemonium lord
 65975 | Zig:2    | Killed Kyjafo Sicid the pandemonium lord
 66107 | Zig:3    | Entered Level 3 of a ziggurat
 66232 | Zig:4    | Entered Level 4 of a ziggurat
 66281 | Zig:4    | Identified a scroll of acquirement
 66281 | Zig:4    | Identified a cursed +1 pair of boots of running (You acquired it on level 4 of a ziggurat)
 66377 | Zig:5    | Entered Level 5 of a ziggurat
 66381 | Zig:5    | Noticed a Killer Klown
 66381 | Zig:5    | Noticed a Killer Klown
 66415 | Zig:5    | Killed a Killer Klown
 66415 | Zig:5    | Reached skill level 15 in Conjurations
 66419 | Zig:5    | Killed a Killer Klown
 66623 | Zig:6    | Entered Level 6 of a ziggurat
 66626 | Zig:6    | Noticed a juggernaut
 66627 | Zig:6    | Identified the cursed +3 great mace "Bappic" {flame, rN+}
 66628 | Zig:6    | Identified the +8 chain mail of the Sneaky Beds {rElec rPois MR++}
 66679 | Zig:6    | Killed a juggernaut
 66923 | Zig:7    | Entered Level 7 of a ziggurat
 66929 | Zig:7    | Identified the +8 hand crossbow "Julonloi" {speed, Str+3}
 66929 | Zig:7    | Noticed a golden dragon
 66949 | Zig:7    | Killed a golden dragon
 66963 | Zig:7    | Killed from afar by a shadow dragon

Vault maps used:
D:1:      onia_arrival_mini_spirals, minivault_26
D:2:      uniq_natasha, uniq_robin, uniq_terence
D:3:      overflow_temple_1_default, corexii_leaking_fountain, uniq_ijyb
D:4:      lemuel_round_altar, old_standard_altar, serial_shops,
          nicolae_shop_crystal, nicolae_shop_statue_plus, shop_fountains,
          moated_statue
D:5:      first_bread, kennysheep_minor_cross, uniq_prince_ribbit1,
          uniq_menkaure
D:6:      nicolae_overflow_crystal_walls, minmay_temple_entry_enclosed_plants,
          cheibrodos_sewer_entry_drain, serial_shops, shop,
          vehumet_altar_wand_db, uniq_sigmund, uniq_blork_the_orc
D:7:      serial_shops, nicolae_shop_temple_entry_statues_fountains, basic_altar
D:8:      uniq_gastronok
D:9:      david_lair_generic, minmay_three_doors, uniq_joseph
D:11:     kennysheep_orc_monster_closet_entryway, serial_shops, shop,
          minivault_24, uniq_harold
D:12:     uniq_maurice, uniq_josephine, uniq_nergalle
D:13:     hangedman_vaults_entry_quadrant_bands, hangedman_stone_soup
D:14:     serial_shops, nicolae_shop_crystal, fedhas_altar_fruit_tree,
          xom_teletrap_fun, uniq_frances, uniq_kirke
D:15:     hangedman_depths_entry_try_elsewhere_first, minmay_misc_feat_x
Temple:   dpeg_five_rooms_temple
Lair:2:   minmay_swamp_entry_eels, portal_ice_cave_demonic_guard
Lair:3:   beast_lair_carwin_large_2
Lair:4:   minmay_snake_entry_spellcaster, lab_entry_generic
Lair:5:   minmay_slime_entry_oklob_open, hibernation_bobbens,
          grunt_megastairs_5, lemuel_fruit_tree
Lair:6:   minmay_lair_end_enchanted_forest, serial_bayou_shore_a, uniq_rupert
Swamp:1:  hangedman_swamp_ruin_hall, uniq_aizul
Swamp:2:  evilmike_swamp_ruin_house_4
Swamp:3:  hangedman_swamp_pad, swamp_pool1
Swamp:4:  grunt_swamp_rune_castle
Snake:1:  basic_altar, grunt_ministairs_14, statue_in_the_mist_lemuel
Snake:2:  serial_bayou_pond_e, guppyfry_snake_island
Snake:3:  guppyfry_library_mini, serial_bayou_shore_b
Snake:4:  minmay_snake_end_coiled, serial_shops, bzr_in_the_mist, uniq_roxanne,
          uniq_vashnia
Orc:1:    serial_shops, shop
Orc:2:    grunt_orc_community_town_hall, grunt_orc_community_big_house_2,
          grunt_orc_community_big_house_2, grunt_orc_community_house_3,
          grunt_orc_community_house_2, grunt_orc_community_house_3,
          grunt_orc_community_house_3, uniq_azrael
Elf:1:    minmay_the_grid_plus, minivault_28, uniq_nikola, uniq_louise
Vaults:1: vaults_room_octagon, hangedman_vaults_corner_blocks,
          nicolae_vaults_little_squares_4, nicolae_vaults_specimen_jars,
          ontoclasm_vaults_ring_large, vaults_standard_mumra_enter_the_diamond,
          nicolae_vaults_theta, serial_shops,
          nicolae_shop_competitors_out_of_business, nicolae_shop_window_shopping
Vaults:2: v_rooms_5, v_pattern_3, v_misc_27, nicolae_vaults_ring_of_whatevers,
          nicolae_vaults_little_squares_4, vaults_room_hallway,
          grunt_vaults_hallway_short, grunt_vaults_hallway_short,
          nicolae_vaults_alarming, nicolae_vaults_little_squares_6,
          ontoclasm_vaults_ligature, vaults_dpeg_encased_lava,
          vaults_room_door_ring, nicolae_vaults_rhombus_6, serial_shops,
          bzr_entry_safe
Vaults:3: minmay_crypt_entry_simple_box, grunt_vaults_swirl, v_misc_16,
          v_alt_pattern_1, v_pattern_4, st_greater_box_2,
          nicolae_vaults_three_branches, vaults_room_grunt_arrival_ludios,
          ontoclasm_vaults_decontamination, vaults_room_pools,
          ontoclasm_vaults_gateway, nicolae_vaults_little_squares_1,
          ontoclasm_vaults_eye, vaults_room_corners, uniq_boris,
          uniq_saint_roka, uniq_jorgrun, uniq_mennas, uniq_sojobo
Vaults:4: nicolae_vaults_know_your_exits, v_misc_29, vaults_mumra_hexcomb,
          nicolae_vaults_theta, vaults_mumra_chevron,
          nicolae_vaults_big_angled_halls, vaults_room_door_ring,
          ontoclasm_vaults_pinch, vaults_room_corners,
          vaults_standard_mumra_lines, vaults_room_pool,
          vaults_room_fancy_cross, v_alt_pattern_1
Depths:1: hangedman_coc_ice_floe, ashenzari_altar_1, grunt_megastairs_3,
          minmay_shop_star
Depths:2: hangedman_elemental_death_ray, enter_ziggurat_a, hell_entry,
          hangedman_decor_peaks_small, hex_large, infiniplex_staircase_door_maze
Depths:3: minmay_tri_stars, hell_entry, nicolae_trove_entry_columns,
          minivault_14, grunt_pan_entry_spiral, minmay_misc_feat_nine_boxes,
          cheibriados_altar_1
Zig:5:    ziggurat_pillar_centre_c
Lab:      nicolae_lab_dead_adventurers
Bazaar:   bazaar_jpeg_ribbon, bazaar_kb_twisted_cavern
Sewer:    sewer_kobolds
IceCv:    ice_cave_tombish

Skill      XL: |  1  2  3  4  5  6  7  8  9 10 11 12 13 14 15 16 17 18 19 20 21 22 23 |
---------------+----------------------------------------------------------------------+-----
Armour         | 1 2 3 4 5 7 9 10 11 12 13 14 | 14.3
Axes           | 4 5 6 7 9 10 11 12 13 14 15 | 15.0
Dodging        | 4 5 6 8 9 10 11 | 11.9
Evocations     | 1 3 5 7 8 9 10 11 | 11.2
Shields        | 2 4 7 9 11 | 11.5
Fighting       | 5 8 9 10 11 | 11.0
Air Magic      | 4 7 8 9 |  9.6
Poison Magic   | 4 |  4.0
Conjurations   | 5 8 10 12 14 15 | 15.2
Spellcasting   | 4 6 9 10 12 13 14 15 | 15.4
Earth Magic    | 3 6 8 10 11 12 13 | 13.4
Charms         | 1 6 9 11 12 13 14 15 16 | 16.1
Stealth        | 5 |  5.8
Necromancy     | 4 |  4.2
Transmutations | 2 6 |  6.4

Action                   |  1- 3 |  4- 6 |  7- 9 | 10-12 | 13-15 | 16-18 | 19-21 | 22-24 || total
-------------------------+-------+-------+-------+-------+-------+-------+-------+-------++-------
Melee: Hand axe          |    64 |   164 |   437 |   110 |   274 |       |   192 |       ||  1241
       War axe           |       |       |       |   722 |   734 |       |       |       ||  1456
       Broad axe         |       |       |       |       |   926 |  1468 |  1087 |  1031 ||  4512
Throw: Throwing net      |       |       |       |       |       |       |       |     1 ||     1
 Cast: Poisonous Vapours |       |       |       |     5 |    34 |       |       |       ||    39
       Regeneration      |       |       |       |       |       |    25 |    11 |     9 ||    45
       Deflect Missiles  |       |       |       |       |       |     3 |     1 |       ||     4
       Iron Shot         |       |       |       |       |       |       |    15 |    27 ||    42
       Petrify           |       |       |       |       |       |       |    18 |     9 ||    27
       Lee's Rapid Decon |       |       |       |       |       |       |    23 |    35 ||    58
Invok: Curse Item        |       |       |       |     6 |     4 |     2 |     1 |     2 ||    15
 Abil: Hop               |       |       |     2 |     4 |    19 |    26 |    13 |     8 ||    72
       Evoke Invisibilit |       |       |       |       |       |       |       |     2 ||     2
Evoke: Wand              |       |       |     3 |    21 |    27 |    21 |    12 |    20 ||   104
       Lightning rod     |       |       |       |       |       |       |     4 |     9 ||    13
       Lamp of fire      |       |       |       |       |       |       |       |     2 ||     2
  Use: Potion            |       |     6 |     5 |     9 |     8 |    10 |     5 |    15 ||    58
       Scroll            |       |     1 |    13 |     9 |    15 |    11 |     8 |    18 ||    75
 Stab: Sleeping          |     1 |     1 |     6 |     5 |    14 |    18 |    22 |     3 ||    70
       Paralysed         |       |       |     2 |    17 |    19 |       |     3 |     3 ||    44
       Distracted        |       |       |       |     1 |       |     5 |     4 |     2 ||    12
       Petrified         |       |       |       |       |       |       |    19 |     4 ||    23
       Petrifying        |       |       |       |       |       |       |     2 |       ||     2
       Invisible         |       |       |       |       |       |       |       |    12 ||    12
       Held in net/web   |       |       |       |       |       |       |       |     1 ||     1
  Eat: Chunk             |     1 |     2 |     8 |    15 |    37 |    12 |     8 |    11 ||    94
       Royal jelly       |       |     1 |     1 |     1 |     4 |     2 |     5 |     2 ||    16
       Bread ration      |       |     1 |     1 |       |     2 |       |     1 |       ||     5
       Meat ration       |       |       |     1 |     3 |     2 |     5 |     3 |     7 ||    21
       Fruit             |       |       |       |     2 |    11 |    16 |    14 |     3 ||    46
Armor: Robe              |     5 |       |       |       |       |       |       |       ||     5
       Ring mail         |    14 |    47 |   163 |   289 |   495 |    80 |       |       ||  1088
       Skin              |       |       |    12 |     9 |     8 |       |       |       ||    29
       Steam dragon scal |       |       |       |       |       |   289 |   339 |   336 ||   964
       Chain mail        |       |       |       |       |       |       |       |    65 ||    65
Dodge: Dodged            |    41 |    98 |   267 |   564 |  1183 |  1021 |   940 |  1019 ||  5133
       Deflected         |       |       |       |       |       |    18 |    18 |       ||    36
Block: Buckler           |       |       |    14 |   214 |   286 |       |       |       ||   514
       Shield            |       |       |       |       |   311 |  1026 |   927 |   908 ||  3172

Table legend:
 A = Spawn XP
 B = Non-spawn XP
 C = Spawn XP percentage of total XP
 D = Spawn monster count
 E = Non-spawn monster count
 F = Spawn count percentage of total count
 G = Total turns spent on level
                    A         B        C        D         E        F      G
               +---------+---------+-------+---------+---------+-------+---------
         Total |       0 |  723013 |   0.0 |       0 |    1742 |   0.0 | 66963
               +---------+---------+-------+---------+---------+-------+---------
           D:1 |       0 |      17 |   0.0 |       0 |       8 |   0.0 |   458
           D:2 |       0 |     212 |   0.0 |       0 |      32 |   0.0 |   957
           D:3 |       0 |     255 |   0.0 |       0 |      11 |   0.0 |   864
           D:4 |       0 |     325 |   0.0 |       0 |      12 |   0.0 |   965
           D:5 |       0 |    1028 |   0.0 |       0 |      32 |   0.0 |  1491
           D:6 |       0 |    1325 |   0.0 |       0 |      30 |   0.0 |  1413
           D:7 |       0 |     323 |   0.0 |       0 |       8 |   0.0 |   590
           D:8 |       0 |     545 |   0.0 |       0 |      18 |   0.0 |   975
           D:9 |       0 |    2270 |   0.0 |       0 |      13 |   0.0 |  1879
          D:10 |       0 |    2192 |   0.0 |       0 |      29 |   0.0 |  1776
          D:11 |       0 |    6768 |   0.0 |       0 |      60 |   0.0 |  1911
          D:12 |       0 |    9091 |   0.0 |       0 |      59 |   0.0 |  2089
          D:13 |       0 |   15259 |   0.0 |       0 |      55 |   0.0 |  3002
          D:14 |       0 |   15438 |   0.0 |       0 |      41 |   0.0 |  2685
          D:15 |       0 |   25011 |   0.0 |       0 |      60 |   0.0 |  3308
        Lair:1 |       0 |    5603 |   0.0 |       0 |      28 |   0.0 |  1222
        Lair:2 |       0 |    5044 |   0.0 |       0 |      27 |   0.0 |  1544
        Lair:3 |       0 |    5780 |   0.0 |       0 |      19 |   0.0 |  1104
        Lair:4 |       0 |    4980 |   0.0 |       0 |      17 |   0.0 |   846
        Lair:5 |       0 |    7775 |   0.0 |       0 |      28 |   0.0 |   865
        Lair:6 |       0 |   21867 |   0.0 |       0 |      99 |   0.0 |  1208
       Swamp:1 |       0 |   13300 |   0.0 |       0 |      36 |   0.0 |   912
       Swamp:2 |       0 |    6407 |   0.0 |       0 |      17 |   0.0 |   642
       Swamp:3 |       0 |    7538 |   0.0 |       0 |      16 |   0.0 |   794
       Swamp:4 |       0 |   26056 |   0.0 |       0 |      45 |   0.0 |  2370
       Snake:1 |       0 |   21029 |   0.0 |       0 |      39 |   0.0 |  1991
       Snake:2 |       0 |   29051 |   0.0 |       0 |      56 |   0.0 |  2929
       Snake:3 |       0 |   23561 |   0.0 |       0 |      41 |   0.0 |  1871
       Snake:4 |       0 |   50004 |   0.0 |       0 |      83 |   0.0 |  3530
         Orc:1 |       0 |    8301 |   0.0 |       0 |      41 |   0.0 |   949
         Orc:2 |       0 |   10574 |   0.0 |       0 |     102 |   0.0 |  1232
         Elf:1 |       0 |   54253 |   0.0 |       0 |      80 |   0.0 |  2634
         Elf:2 |       0 |    9245 |   0.0 |       0 |      16 |   0.0 |   168
      Vaults:1 |       0 |   64523 |   0.0 |       0 |     104 |   0.0 |  2041
      Vaults:2 |       0 |   38673 |   0.0 |       0 |      64 |   0.0 |  1369
      Vaults:3 |       0 |   34570 |   0.0 |       0 |      40 |   0.0 |  1008
      Vaults:4 |       0 |   42215 |   0.0 |       0 |      72 |   0.0 |  1370
      Depths:1 |       0 |   36077 |   0.0 |       0 |      49 |   0.0 |  1598
      Depths:2 |       0 |   62918 |   0.0 |       0 |      77 |   0.0 |  2070
      Depths:3 |       0 |     523 |   0.0 |       0 |       1 |   0.0 |    14
         Zig:1 |       0 |    2440 |   0.0 |       0 |       2 |   0.0 |   594
         Zig:2 |       0 |    6840 |   0.0 |       0 |       2 |   0.0 |   179
         Zig:3 |       0 |    1743 |   0.0 |       0 |       5 |   0.0 |   125
         Zig:4 |       0 |    4402 |   0.0 |       0 |       5 |   0.0 |   145
         Zig:5 |       0 |   11480 |   0.0 |       0 |       7 |   0.0 |   246
         Zig:6 |       0 |   12702 |   0.0 |       0 |      13 |   0.0 |   300
         Zig:7 |       0 |    6827 |   0.0 |       0 |       8 |   0.0 |    40
           Lab |       0 |    1078 |   0.0 |       0 |       1 |   0.0 |   276
         Sewer |       0 |     140 |   0.0 |       0 |      11 |   0.0 |   232
         IceCv |       0 |    5435 |   0.0 |       0 |      23 |   0.0 |  3661
               +---------+---------+-------+---------+---------+-------+---------
